 Dungeon Crawl Stone Soup version 0.20.1-1-g8b1a95d (webtiles) character file.

415 Jannitor the Covert (level 6, -2/53 HPs)
             Began as a Naga Ice Elementalist on Aug 25, 2017.
             Was an Initiate of Gozag.
             Slain by a komodo dragon (26 damage)
             ... on level 5 of the Dungeon.
             The game lasted 00:12:28 (4779 turns).

Jannitor the Covert (Naga Ice Elementalist)         Turns: 4779, Time: 00:12:29

Health: -2/53      AC:  7    Str: 15    XL:     6   Next: 92%
Magic:  5/8        EV: 15    Int: 18    God:    Gozag
Gold:   572        SH:  0    Dex: 16    Spells: 1/9 levels left

rFire    . . .     SeeInvis +   t - +1 dagger (venom)
rCold    . . .     Gourm    .   (no shield)
rNeg     . . .     Faith    .   a - +0 robe
rPois    +         Spirit   .   e - +0 helmet
rElec    .         Reflect  .   w - +2 cloak
rCorr    .         Harm     +   (no gloves)
MR       .....                  (no barding)
Stlth    +++++.....             u - amulet of harm
Regen    0.2/turn               l - +5 ring of strength
MPRegen  0.2/turn               (no ring)

@: agile, flying, very slow
A: see invisible, deformed body, low mp 1, poison resistance, robust 1, slowness
2, slow metabolism 1, spit poison 1, AC +2
a: Spit Poison, Potion Petition, Call Merchant, Bribe Branch, Renounce Religion


You were on level 5 of the Dungeon.
You worshipped Gozag.
Gozag was pleased with you.
You were not hungry.

You visited 1 branch of the dungeon, and saw 5 of its levels.

You collected 584 gold pieces.
You paid 12 gold pieces to Gozag.

Inventory:

Hand Weapons
 k - a +0 dagger
 t - a +1 dagger of venom (weapon)
Armour
 a - a +0 robe (worn)
 e - a +0 helmet (worn)
 w - a +2 cloak (worn)
Jewellery
 l - a +5 ring of strength (left hand)
 n - an uncursed ring of fire
 r - a +6 ring of intelligence {unknown}
 u - an amulet of harm (around neck)
Wands
 g - a wand of iceblast (10/15)
Scrolls
 d - 3 scrolls of enchant weapon
 h - 2 scrolls of identify
 m - a scroll of amnesia
 x - 2 scrolls of remove curse {unknown}
 A - a scroll of immolation {unknown}
Potions
 f - a potion of curing
Books
 b - a book of Frost

   Spells                             Type                      Level
   a - Freeze                         Ice                          1
   b - Throw Frost                    Conjuration/Ice              2
   c - Ozocubu's Armour               Charms/Ice                   3
   d - Throw Icicle                   Conjuration/Ice              4
   e - Summon Ice Beast               Ice/Summoning                4
 y - a book of Callings

   Spells                             Type                      Level
   a - Summon Small Mammal            Summoning                    1
   b - Call Imp                       Summoning                    2
   c - Call Canine Familiar           Summoning                    3
   d - Summon Guardian Golem          Hexes/Summoning              3
   e - Summon Lightning Spire         Summoning/Air                4
   f - Summon Ice Beast               Ice/Summoning                4
Comestibles
 i - 3 fruits
 q - a royal jelly


   Skills:
 - Level 1.5 Dodging
 + Level 8.0 Stealth
 - Level 2.0 Spellcasting
   Level 1.0 Conjurations
 + Level 0.6 Summonings
 + Level 5.7 Ice Magic


You had one spell level left.
You knew the following spells:

 Your Spells              Type           Power        Failure   Level  Hunger
a - Freeze                Ice            ###.         1%          1    #......
b - Ozocubu's Armour      Chrm/Ice       ##......     17%         3    ###....
c - Summon Ice Beast      Ice/Summ       ##......     45%         4    #####..


Dungeon Overview and Level Annotations

Branches:
Dungeon (5/15)
 Temple: D:4-7

Altars:
Cheibriados
Gozag
Qazlal
The Shining One


Innate Abilities, Weirdness & Mutations

You cannot wear boots.
Your serpentine skin is tough. (AC +2)
You have supernaturally acute eyesight. (SInv)
Armour fits poorly on your strangely shaped body.
Your system is resistant to poisons. (rPois)
You cover ground very slowly.
You have a slow metabolism.
You can spit poison.
Your magical capacity is low. (-10% MP)
You are robust. (+10% HP)


Message History

Casting: Freeze
Confirm with . or Enter, or press ? or * to list all spells.
Aiming: Freeze
Press: ? - help, Shift-Dir - straight line, f/p - komodo dragon
Aim: a komodo dragon (lightly wounded, slow)
You freeze the komodo dragon.
The komodo dragon is moderately wounded.
The komodo dragon is no longer moving slowly.
The komodo dragon bites you!!
Ouch! That really hurt!
Casting: Freeze
Confirm with . or Enter, or press ? or * to list all spells.
Aiming: Freeze
Press: ? - help, Shift-Dir - straight line, f/p - komodo dragon
Aim: a komodo dragon (moderately wounded)
You freeze the komodo dragon.
The komodo dragon seems to slow down.
The komodo dragon is heavily wounded.
The komodo dragon bites you!!
You die...
Your body crumbles into a pile of gold.

#....... ### #.#####.
..# #.# #. #.# #.#####.
# ####.# #.#...#.
#.#....#########.#.#.#.
#................#.#.#.
####....###########.#.#.
.......@# ### #.#.#.
####..l........ #.#.#.
..........###.#####.#...
.###.####.##........###.
... ..........># ## ###
.##..##.#### ... #.# #
#.##.# #..<.#


You could see a komodo dragon.

Vanquished Creatures
  A scorpion (D:4)
  A howler monkey (D:5)
  2 orc priests (D:4)
  An orc wizard (D:3)
  2 worker ants (D:4)
  A hound skeleton (D:4)
  8 adders
  2 oozes
  5 worms
  2 dart slugs (D:2)
  A leopard gecko (D:3)
  11 orcs
  3 giant cockroaches
  12 goblins
  6 hobgoblins
  5 jackals (D:1)
  2 quokkas
  A ball python (D:3)
  6 bats
  6 frilled lizards
  4 kobolds
  6 rats
88 creatures vanquished.

Notes
Turn   | Place    | Note
-------+----------+-------------------------------------------
     0 | D:1      | Jannitor the Naga Ice Elementalist began the quest for the Orb.
     0 | D:1      | Reached XP level 1. HP: 15/15 MP: 3/3
   441 | D:1      | Reached XP level 2. HP: 16/22 MP: 3/5
  1226 | D:2      | Found an opulent altar of Gozag.
  1234 | D:2      | Reached skill level 4 in Stealth
  1234 | D:2      | Reached XP level 3. HP: 16/28 MP: 0/6
  1323 | D:2      | Became a worshipper of Gozag Ym Sagoz the Greedy
  2033 | D:2      | Reached XP level 4. HP: 36/36 MP: 1/7
  2139 | D:2      | Reached skill level 5 in Stealth
  2548 | D:3      | Found a snail-covered altar of Cheibriados.
  2919 | D:3      | Reached XP level 5. HP: 40/42 MP: 2/8
  3146 | D:3      | Learned a level 3 spell: Ozocubu's Armour
  3280 | D:3      | Found a stormy altar of Qazlal.
  3482 | D:3      | Reached skill level 6 in Stealth
  4014 | D:4      | Reached skill level 5 in Ice Magic
  4038 | D:4      | Reached XP level 6. HP: 9/49 MP: 5/9
  4325 | D:4      | Found a glowing golden altar of the Shining One.
  4395 | D:4      | Reached skill level 7 in Stealth
  4523 | D:4      | Noticed an orc warrior
  4528 | D:4      | Found an opulent altar of Gozag.
  4548 | D:4      | Learned a level 4 spell: Summon Ice Beast
  4646 | D:5      | Entered Level 5 of the Dungeon
  4716 | D:5      | Reached skill level 8 in Stealth
  4770 | D:5      | Noticed a komodo dragon
  4772 | D:5      | Gained mutation: You are frail. (-10% HP) [potion of mutation]
  4772 | D:5      | Lost mutation: You are frail. (-10% HP) [potion of mutation]
  4772 | D:5      | Gained mutation: Your magical capacity is low. (-10% MP) [potion of mutation]
  4772 | D:5      | Gained mutation: You are robust. (+10% HP) [potion of mutation]
  4779 | D:5      | Slain by a komodo dragon

Skill      XL: |  1  2  3  4  5  6 |
---------------+-------------------+-----
Stealth        | 4 5 6 8 |  8.0
Ice Magic      | 4 5 |  5.7
Dodging        | |  1.5
Spellcasting   | |  2.0
Conjurations   | |  1.0
Summonings     | |  0.6

Action                   |  1- 3 |  4- 6 || total
-------------------------+-------+-------++-------
Melee: Unarmed           |    10 |       ||    10
       Dagger            |    24 |    68 ||    92
 Cast: Freeze            |    53 |    89 ||   142
 Abil: Spit Poison       |       |     3 ||     3
  Use: Potion            |     2 |     7 ||     9
       Scroll            |       |     6 ||     6
 Stab: Sleeping          |     3 |    12 ||    15
  Eat: Bread ration      |     1 |     1 ||     2
       Meat ration       |       |     1 ||     1
Armor: Robe              |    23 |    47 ||    70
Dodge: Dodged            |    54 |    66 ||   120
